 Dungeon Crawl Stone Soup version 0.15-a0-2227-g1e78800 (webtiles) character file.

9608 PolkaDot the Martial Artist (level 11, -3/75 HPs)
             Began as a Demonspawn Monk on July 24, 2014.
             Was the Champion of Qazlal.
             Killed by divine providence
             ... invoked by an orc priest
              (12 damage)
             ... on Level 12 of the Dungeon.
             The game lasted 00:36:28 (8010 turns).

PolkaDot the Martial Artist (Demonspawn Monk)       Turns: 8010, Time: 00:36:29

HP  -3/75        AC 10     Str 13      XL: 11   Next: 25%
MP   0/11        EV 17     Int  9 (11) God: Qazlal [******]
Gold 527         SH  8     Dex 18      Spells:  0 memorised, 10 levels left

rFire  . . .     SeeInvis .       - Unarmed
rCold  + . .     Clarity  .     q - +3 leather armour {rC+}
rNeg   . . .     rCorr    .     (no shield)
rPois  .         rRot     .     (helmet restricted)
rElec  .         Spirit   +     (no cloak)
SustAb .         Warding  .     (no gloves)
rMut   .         Stasis   .     C - +0 pair of boots
Gourm  .                        D - amulet of guardian spirit
MR     .....                    (no ring)
                                (no ring)

@: repel missiles, not resistant to hostile enchantments, very unstealthy
A: antennae 2, thin metallic scales 1, demonic guardian 2, powered by death 1,
augmentation 1
a: Upheaval, Elemental Force, Disaster Area, Renounce Religion


You were on level 12 of the Dungeon.
You worshipped Qazlal.
Qazlal was exalted by your worship.
You were hungry.

You visited 1 branch of the dungeon, and saw 10 of its levels.

You collected 527 gold pieces.

Inventory:

Hand weapons
 a - a +3 blowgun
Missiles
 j - a throwing net (quivered)
 s - 37 poisoned needles
Armour
 q - a +3 leather armour of cold resistance (worn)
 C - a +0 pair of boots (worn)
Magical devices
 g - a wand of slowing (14)
 l - a wand of lightning (7)
 t - a wand of lightning (4)
 u - a wand of draining (4)
 v - a wand of cold (5)
 G - a wand of digging (14)
Comestibles
 b - 5 bread rations
 i - a slice of pizza
 n - 4 meat rations
 A - 3 royal jellies
 B - 3 rotting chunks of ogre flesh {@w1}
Scrolls
 d - 5 scrolls of amnesia
 e - 2 scrolls of fear
 h - 3 scrolls of remove curse
 m - 4 scrolls of magic mapping
 r - 4 scrolls of fog
 w - a scroll of teleportation {unknown}
 y - 6 scrolls of recharging
Jewellery
 D - an amulet of guardian spirit (around neck)
Potions
 f - a potion of poison {unknown}
 k - a potion of cancellation
 o - 2 potions of restore abilities
 p - a potion of magic
 x - a potion of resistance {unknown}
Books
 z - a Grand Grimoire {highlevel, unknown}

   This book is beyond your current level of understanding.

   Spells                             Type                      Level
   Aura of Abjuration                 Summoning                    6
   Forceful Dismissal                 Summoning                    6
   Summon Greater Demon               Summoning                    7
   Malign Gateway                     Summoning/Translocation      7
   Summon Horrible Things             Summoning                    8


   Skills:
 - Level 3.0 Fighting
 + Level 5.8 Armour
 + Level 8.4 Dodging
 - Level 1.7 Stealth
 * Level 13.0 Unarmed Combat


You had 10 spell levels left.
You didn't know any spells.

Dungeon Overview and Level Annotations

Branches:
Dungeon (12/15)               Orc (0/4) D:12           Lair (0/8) D:11
 Temple: D:4-7

Altars:
Ashenzari
Dithmenos
Gozag
Kikubaaqudgha
Nemelex Xobeh
Qazlal
Sif Muna
Trog
Xom

Annotations:
D:4 Duvessa


Innate Abilities, Weirdness & Mutations

You have a pair of antennae on your head.
You are partially covered in thin metallic scales (AC +2).
A demonic guardian rushes to your aid.
You can steal the life force of nearby defeated enemies.
Your magical and physical power is slightly enhanced at high health.


Message History

The vampire mosquito completely misses you.
The ogre zombie is engulfed in freezing vapours.
The hill giant hits you with a giant club!
* * * LOW HITPOINT WARNING * * *
Unknown command.
Drink which item? (? for menu, Esc to quit)
Okay, then.
You swap places.
Your sixfirhy hits the hill giant.
Your sixfirhy shocks the hill giant!
The hill giant dies!
Qazlal accepts your collateral kill.
Your Unarmed Combat skill increases to level 13!
Your sixfirhy closely misses the vampire mosquito. x2
The vampire mosquito closely misses your sixfirhy.
Your sixfirhy hits the vampire mosquito!
Your sixfirhy shocks the vampire mosquito!
The orc priest mumbles some strange prayers to Beogh against you.
Something smites you!
* * * LOW MAGIC WARNING * * *
You die...

..> .........
.......(..
#.........#
.Z.......#
{Z{......#
{.Z8....#
#####ZZ(####..
#..@4yooo..o..
#.###ยง#######.
.. #oVP....F.
## #g........
#......<..
#........
.........
##.......
:.....


You could see a vampire, a vampire mosquito, an active ballistomycete, 2 orc
priests, an orc wizard, an orc, 2 ogre zombies and a friendly sixfirhy.

Vanquished Creatures
  The ghost of DasRunzen the Fighter, a powerful DsCK of Xom (D:10)
  A soul eater (D:10)
  A hill giant (D:11)
  3 unseen horrors
  A troll (D:11)
  A wyvern (D:9)
  A hill giant zombie (D:9)
  A deep elf mage (D:10)
  2 ugly things (D:11)
  A human (D:11)
  A wolf (D:11)
  A hippogriff (D:7)
  A hungry ghost (D:12)
  A hill giant skeleton (D:7)
  2 orc warriors (D:7)
  A black bear (D:7)
  2 sky beasts
  3 phantoms
  A centaur (D:7)
  3 ice beasts
  A necrophage (D:11)
  4 ogres
  A crocodile (D:3)
  A brain worm (D:12)
  5 giant frogs
  A scorpion (D:10)
  An eye of draining (D:12)
  4 killer bees (D:8)
  4 wights (D:11)
  3 electric eels (D:11)
  2 crimson imps
  Dowan (D:4)
  A centaur skeleton (D:4)
  A goliath beetle (D:7)
  2 jellies
  A quasit (D:4)
  9 hounds
  5 orc wizards
  4 orc priests
  4 worker ants
  2 iguanas (D:7)
  An ogre skeleton (D:4)
  An ogre zombie (D:11)
  7 adders
  5 gnolls
  2 orc skeletons
  A white imp (D:3)
  3 giant mites (D:3)
  3 shadow imps
  2 worms (D:3)
  2 oozes
  23 orcs
  9 bats
  7 giant cockroaches
  10 goblins
  15 hobgoblins
  14 kobolds
  8 giant geckos
  4 giant newts
  A giant spore (D:12)
  3 goblin skeletons (D:12)
  2 goblin zombies (D:12)
  4 hobgoblin zombies
  6 jackals
  7 orc zombies
  6 quokkas
  13 rats
  A rat skeleton (D:4)
  A ballistomycete (D:12)
247 creatures vanquished.

Vanquished Creatures (collateral kills)
  A hydra (D:11)
  Nessos (D:12)
  A hill giant (D:12)
  A feature mimic (D:10)
  A merfolk (D:11)
  A deep elf mage (D:9)
  3 ugly things (D:11)
  A hungry ghost (D:12)
  2 hippogriffs
  A scorpion (D:11)
  A troll zombie (D:12)
  3 killer bees (D:8)
  A hound (D:11)
  2 orc priests
  2 ogre zombies (D:12)
  Jessica (D:3)
  2 adders
  3 orcs
  A kobold (D:3)
  A goblin zombie (D:12)
  A hobgoblin skeleton (D:12)
  2 hobgoblin zombies (D:12)
  5 orc zombies (D:12)
38 creatures vanquished.

Vanquished Creatures (others)
  3 soul eaters
  A sun demon (D:11)
  3 ice devils
  An electric eel (D:11)
  3 crimson imps
  2 iron imps
  2 white imps
  An ufetubus (D:7)
  An orc (D:11)
17 creatures vanquished.

Grand Total: 302 creatures vanquished

Notes
Turn   | Place    | Note
--------------------------------------------------------------
     0 | D:1      | PolkaDot, the Demonspawn Monk, began the quest for the Orb.
     0 | D:1      | Reached XP level 1. HP: 18/18 MP: 1/1
    99 | D:1      | Found a shattered altar of Ashenzari.
   145 | D:1      | Reached skill level 4 in Unarmed Combat
   207 | D:1      | Gained mutation: A weak demonic guardian rushes to your aid. [demonic ancestry]
   207 | D:1      | Reached XP level 2. HP: 24/24 MP: 2/2
   741 | D:2      | Found a bloodstained altar of Trog.
   817 | D:2      | Found an ancient bone altar of Kikubaaqudgha.
   817 | D:2      | Found a shattered altar of Ashenzari.
   819 | D:2      | Gained mutation: You are partially covered in thin metallic scales (AC +2). [demonic ancestry]
   819 | D:2      | Reached XP level 3. HP: 26/29 MP: 3/3
  1319 | D:2      | Found a bloodstained altar of Trog.
  1320 | D:2      | Found a stormy altar of Qazlal.
  1323 | D:2      | Became a worshipper of Qazlal Stormbringer
  1323 | D:2      | Acquired Qazlal's first power
  1323 | D:2      | Acquired Qazlal's second power
  1368 | D:3      | Reached skill level 5 in Unarmed Combat
  1393 | D:3      | Gained mutation: You have a pair of small antennae on your head. [demonic ancestry]
  1393 | D:3      | Reached XP level 4. HP: 20/35 MP: 4/4
  1893 | D:3      | Gained mutation: You can steal the life force of nearby defeated enemies. [demonic ancestry]
  1893 | D:3      | Reached XP level 5. HP: 23/41 MP: 5/5
  1937 | D:3      | Noticed Jessica
  1941 | D:3      | Killed Jessica
  1947 | D:3      | Reached skill level 6 in Unarmed Combat
  2223 | D:3      | Found a sparkling altar of Nemelex Xobeh.
  2224 | D:3      | Found an opulent altar of Gozag.
  2426 | D:3      | Found a shimmering altar of Xom.
  2509 | D:3      | Reached XP level 6. HP: 35/47 MP: 6/6
  2723 | D:4      | Acquired Qazlal's third power
  2776 | D:4      | Reached skill level 7 in Unarmed Combat
  3000 | D:4      | Found a deep blue altar of Sif Muna.
  3011 | D:4      | Got a shimmering leather armour
  3012 | D:4      | Identified the cursed +0 leather armour "Giqoa" {Int-3} (You found it on level 4 of the Dungeon)
  3095 | D:4      | Noticed Duvessa
  3097 | D:4      | Noticed Dowan
  3110 | D:4      | HP: 1/47 [Duvessa/glowing cutlass (10)]
  3493 | D:4      | Killed Dowan
  3738 | D:4      | Found a shimmering altar of Xom.
  3742 | D:4      | You fall through a shaft for 3 floors!
  3766 | D:7      | Noticed a hill giant skeleton
  3778 | D:7      | Killed a hill giant skeleton
  3778 | D:7      | Gained mutation: Your magical and physical power is slightly enhanced at high health. [demonic ancestry]
  3778 | D:7      | Reached XP level 7. HP: 29/52 MP: 7/7
  3801 | D:7      | Noticed a hippogriff
  3822 | D:7      | Reached skill level 8 in Unarmed Combat
  3866 | D:7      | Killed a hippogriff
  3919 | D:7      | Gained mutation: A demonic guardian rushes to your aid. [demonic ancestry]
  3919 | D:7      | Reached XP level 8. HP: 52/58 MP: 8/8
  4085 | D:7      | Reached skill level 9 in Unarmed Combat
  4108 | D:7      | Acquired Qazlal's fourth power
  4833 | D:8      | Reached skill level 5 in Dodging
  5012 | D:8      | Reached skill level 10 in Unarmed Combat
  5148 | D:8      | Reached XP level 9. HP: 41/63 MP: 9/9
  5492 | D:8      | Reached skill level 1 in Armour
  5879 | D:9      | Found a shadowy altar of Dithmenos.
  5888 | D:9      | Acquired Qazlal's fifth power
  6271 | D:10     | Entered Level 10 of the Dungeon
  6337 | D:10     | Killed an unseen horror
  6337 | D:10     | Reached skill level 11 in Unarmed Combat
  6343 | D:10     | Noticed DasRunzen's ghost (powerful DsCK)
  6362 | D:10     | Killed DasRunzen's ghost
  6362 | D:10     | Gained mutation: You have a pair of antennae on your head. [demonic ancestry]
  6362 | D:10     | Reached XP level 10. HP: 34/70 MP: 7/10
  6364 | D:10     | Killed an unseen horror
  7074 | D:11     | Reached skill level 12 in Unarmed Combat
  7081 | D:11     | Noticed a six-headed hydra
  7089 | D:11     | Killed a six-headed hydra
  7112 | D:11     | Reached skill level 5 in Armour
  7131 | D:11     | Noticed a hill giant
  7145 | D:11     | Killed a hill giant
  7172 | D:11     | Found a staircase to the Lair.
  7345 | D:11     | Reached XP level 11. HP: 70/75 MP: 9/11
  7711 | D:11     | Killed an unseen horror
  7970 | D:12     | Found a staircase to the Orcish Mines.
  7973 | D:12     | Noticed Nessos
  7992 | D:12     | Killed Nessos
  7994 | D:12     | Noticed a hill giant
  8010 | D:12     | Killed a hill giant
  8010 | D:12     | Reached skill level 13 in Unarmed Combat
  8010 | D:12     | Killed from afar by an orc priest

Action                   |  1- 3 |  4- 6 |  7- 9 | 10-12 || total
-------------------------+-------+-------+-------+-------++-------
Melee: Unarmed           |   163 |   241 |   275 |   224 ||   903
 Fire: Blowgun           |       |     6 |     9 |       ||    15
Evoke: Wand              |       |     1 |     2 |     3 ||     6
  Use: Potion            |       |     5 |     6 |     1 ||    12
       Scroll            |       |    17 |    10 |     1 ||    28
 Stab: Sleeping          |     2 |       |       |       ||     2
       Distracted        |       |     1 |       |       ||     1
  Eat: Chunk             |     2 |     5 |     6 |     7 ||    20
       Bread ration      |       |     1 |       |       ||     1
